 Dungeon Crawl Stone Soup version 0.29-a0-341-g24ffce5b50 (webtiles) character file.

Game seed: 14797463864675879452

532 spaghetti the Ruffian (level 6, -1/47 HPs)
             Began as a Demigod Wanderer on Apr 20, 2022.
             Killed from afar by a dart slug (2 damage)
             ... with a slug dart
             ... on level 4 of the Dungeon.
             The game lasted 00:07:00 (4820 turns).

spaghetti the Ruffian (Demigod Wanderer)            Turns: 4820, Time: 00:07:00

Health: -1/47      AC:  9    Str: 21    XL:     6   Next: 73%
Magic:  8/8        EV:  8    Int: 12    God:
Gold:   171        SH:  0    Dex: 15    Spells: 5/5 levels left

rFire   . . .      SeeInvis .   a - +3 dagger (venom) {short}
rCold   . . .      Faith    .   (no shield)
rNeg    . . .      Spirit   .   o - +0 chain mail
rPois   .          Reflect  .   (no helmet)
rElec   .          Harm     .   (no cloak)
rCorr   +          Rampage  .   (no gloves)
Will    .....                   d - +0 pair of boots
Stlth   ..........              A - amulet of magic regeneration {@e2}
HPRegen 0.15/turn               x - ring of resist corrosion
MPRegen 0.51/turn               (no ring)

@: no status effects
A: high MP 1, forlorn, divine attributes
a: no special abilities


You were on level 4 of the Dungeon.
You visited 1 branch of the dungeon, and saw 5 of its levels.

You collected 171 gold pieces.


Innate Abilities, Weirdness & Mutations

You have an increased reservoir of magic. (+10% MP)
You shall have no god before yourself.
Your divine heritage dramatically boosts your attributes as you level up.


   Skills:
 - Level 1.0 Fighting
 - Level 1.7 Throwing
 - Level 1.0 Armour
 - Level 1.7 Dodging
 - Level 1.7 Stealth
 + Level 7.0 Unarmed Combat


You had 5 spell levels left.
You didn't know any spells.
Your spell library contained the following spells:

 Spells                   Type           Power      Damage    Failure   Level
 Shock                    Conj/Air       0%         1d3       98%         1
 Swiftness                Air            0%         N/A       100%        3
 Airstrike                Air            0%         N/A       100%        4

Inventory:

Hand Weapons
 a - a +3 dagger of venom (weapon) {short}
 h - a +0 dagger {short}
   (You took it off a goblin on level 1 of the Dungeon)
 k - a +0 whip {mace}
   (You found it on level 1 of the Dungeon)
 l - a +0 dagger {short}
   (You took it off a kobold on level 1 of the Dungeon)
 r - a +0 short sword {short}
   (You took it off a kobold on level 1 of the Dungeon)
 s - a +0 hand axe {axe}
   (You found it on level 1 of the Dungeon)
 t - a +0 dagger {short}
   (You took it off a kobold on level 1 of the Dungeon)
 z - a +1 short sword of electrocution {short}
   (You took it off an orc on level 4 of the Dungeon)
Missiles
 c - 2 boomerangs (quivered) {throwing}
 g - 112 stones {throwing}
 m - 6 poisoned darts {throwing}
 B - a curare-tipped dart {=fthrowing}
 C - a throwing net {=f!fthrowing}
Armour
 d - a +0 pair of boots (worn)
 f - a +0 leather armour
 n - an orb of mayhem
   (You found it on level 1 of the Dungeon)
 o - a +0 chain mail (worn)
   (You found it on level 1 of the Dungeon)
Jewellery
 x - a ring of resist corrosion (left hand)
   (You found it on level 3 of the Dungeon)
 A - an amulet of magic regeneration (around neck) {@e2}
   (You found it on level 4 of the Dungeon)
Scrolls
 e - a scroll of silence {!r}
 u - a scroll of brand weapon
 w - 3 scrolls of enchant weapon
 y - a scroll of identify {@r1}
Potions
 b - a potion of curing {@q1}
 i - a potion of attraction {!q}
 j - a potion of degeneration {!q@e2}
 v - a potion of resistance

Dungeon Overview and Level Annotations

Branches:
Dungeon (5/15)
 Temple: D:4-7

#.# #.# ###.### .....#
gg...# .g.§# .$§§ .
##################§####...
................@§§§w.....
##################.§###..
........###### #..#
.............# #..#
........####.## #J.#
........# #..# #..#
.....)..# ##.# #..#
........#####.## #...
...........##..# ##.#


You could see a dart slug (inner flame).


Message History

😕 HP[-7]
You take 7 damage, and now have 40/47 hp.
Really quaff
i - a potion of attraction {!q}?
Okay, then.
Unknown command.
Unknown command.
As you read the scroll labelled OBAETR MIDGH, it crumbles to dust.
It is a scroll of brand weapon.
Your +3 dagger {short} drips with poison.
a - a +3 dagger of venom {short} 😕 HP[+1]
Your +3 dagger of venom {short} begins to drip with poison!
a - a +3 dagger of venom (weapon)
{short} You hit the goblin.
You kill the goblin!
You hit the endoplasm but do no damage.
Sigmund gestures wildly while chanting.
Sigmund flickers and vanishes!
Deactivating autopickup; reactivate with Ctrl-A.
The endoplasm freezes you.
You are frozen. 😕 HP[-1]
You take 1 damage, and now have 40/47 hp.
You hit the endoplasm.
You punch the endoplasm, but do no damage.
Something hits you but does no damage.
A kobold comes into view. It is wielding a +0 short sword.
The endoplasm hits you. 😕 HP[-3]
You take 3 damage, and now have 37/47 hp.
The kobold shouts!
You hit the endoplasm.
A dart slug comes into view.
Something hits you. The endoplasm freezes you.
You are frozen. 😮 HP[-8]
You take 8 damage, and now have 29/47 hp.
You hit the endoplasm.
You kill the endoplasm!
A hobgoblin comes into view.
You barely miss the orc.
The hobgoblin shouts!
You hear a shout!
An ufetubus comes into view.
Something hits you but does no damage.
A goblin comes into view. It is wielding a +0 club.
The orc hits you but does no damage. 😮 HP[+1]
You barely miss the orc. The orc barely misses you.
Something hits you but does no damage.
You hit the orc.
The orc is poisoned.
The orc barely misses you.
You puncture the orc!
You kill the orc!
You hear some strange, mumbled words.
A puff of flame appears from out of thin air!
The puff of flame hits you!
* * * LOW HITPOINT WARNING * * *
A hobgoblin comes into view. 😨 HP[-8]
You take 8 damage, and now have 22/47 hp.
The hobgoblin shouts!
You hit the kobold.
The kobold is poisoned.
Something hits you.
* * * LOW HITPOINT WARNING * * *
The kobold hits you with a +0 short sword.
* * * LOW HITPOINT WARNING * * *
😨 HP[-4]
You take 4 damage, and now have 18/47 hp.
As you read the scroll labelled DIAWUTR MASAU, it crumbles to dust.
It is a scroll of amnesia.
You feel forgetful for a moment.
Robin of the Strong Arm comes into view.
They are wielding a +0 spear.
A goblin comes into view. It is wielding a +0 dagger.
Something hits you.
* * * LOW HITPOINT WARNING * * *
The kobold hits you but does no damage. 😨 HP[-3]
You take 3 damage, and now have 15/47 hp.
Unknown command.
Okay, then.
As you read the scroll labelled DOMEMEFF VIWU, it crumbles to dust.
The creatures around you are filled with an inner flame!
It was a scroll of immolation.
The kobold explodes!
The fiery explosion engulfs you!
* * * LOW HITPOINT WARNING * * *
The fiery explosion engulfs the ufetubus!!!
The ufetubus is burned terribly!
The fiery explosion engulfs something!
Flame seeps out of something.
The ufetubus explodes!
The fiery explosion engulfs something!!
Reactivating autopickup.
You feel a bit more experienced. x3
The fiery explosion engulfs the hobgoblin!!
The hobgoblin explodes!
The fiery explosion engulfs the goblin!!
You feel a bit more experienced.
The fiery explosion engulfs Robin!!
The goblin explodes!
The dart slug launches a dart at you. The slug dart hits you.
You die...

Skill      XL: |  1  2  3  4  5  6 |
---------------+-------------------+-----
Unarmed Combat | 2 3 4 5 6 7 |  7.0
Fighting       | |  1.0
Throwing       | |  1.7
Armour         | |  1.0
Dodging        | |  1.7
Stealth        | |  1.7

Action                   |  1- 3 |  4- 6 || total
-------------------------+-------+-------++-------
Melee: Unarmed           |   140 |   197 ||   337
       Dagger            |     8 |    10 ||    18
       Punch             |     4 |     6 ||    10
Throw: Dart              |     5 |     7 ||    12
       Boomerang         |       |     5 ||     5
  Use: Scroll            |     3 |     4 ||     7
       Potion            |     2 |     2 ||     4
Armor: Leather armour    |    25 |       ||    25
       Chain mail        |    43 |   141 ||   184
Dodge: Dodged            |    74 |    73 ||   147

Levels and vault maps discovered:
D:1:      lemuel_arrival_behind_the_door_small, layout_basic,
          dilly_ecumenical_altar_fadedgnrine
D:2:      layout_rooms, minmay_misc_feat_secret_circle
D:3:      layout_basic, nemelex_dance_club_becter, okawaru_trees_1
D:4:      layout_basic, uniq_eustachio, uniq_robin, uniq_sigmund
D:5:      layout_cave_pods, gup_sewer_entry_bowl, minmay_misc_feat_alley,
          chequers_serial_rivers_small_3, chequers_serial_rivers_micro_b

Notes
Turn   | Place    | Note
-------+----------+-------------------------------------------
     0 | D:1      | spaghetti the Demigod Wanderer began the quest for the Orb.
     0 | D:1      | spaghetti set off with the following items: a +2 dagger
                  | {short}, 3 curare-tipped darts {=fthrowing}, a potion of
                  | curing {@q1}, a +0 pair of boots, a scroll of silence {!r},
                  | a +0 leather armour
     0 | D:1      | Reached XP level 1. HP: 16/16 MP: 3/3
     0 | D:1      | magus.rc [v1.9.6]
    72 | D:1      | Reached skill level 2 in Unarmed Combat
   157 | D:1      | HP: 4/16 [quokka (1)]
   488 | D:1      | Reached XP level 2. HP: 23/23 MP: 4/4
   929 | D:1      | Reached skill level 3 in Unarmed Combat
  1176 | D:2      | HP: 2/23 [worm (9)]
  1178 | D:2      | Reached XP level 3. HP: 3/28 MP: 5/5
  1183 | D:2      | You pick up a book of Air and begin reading...
  1183 | D:2      | You add the spells Shock, Swiftness and Airstrike to your
                  | library.
  1517 | D:1      | HP: 5/28 [gnoll/+0 club (6)]
  1929 | D:2      | Reached skill level 4 in Unarmed Combat
  2036 | D:2      | Reached XP level 4. HP: 33/35 MP: 6/6
  3019 | D:3      | Reached skill level 5 in Unarmed Combat
  3106 | D:3      | Noticed a centaur
  3115 | D:3      | Killed a centaur
  3116 | D:3      | Reached XP level 5. HP: 14/40 MP: 7/7
  3929 | D:4      | Noticed Eustachio
  3932 | D:4      | Reached skill level 6 in Unarmed Combat
  3932 | D:4      | Reached XP level 6. HP: 28/47 MP: 8/8
  3965 | D:3      | HP: 11/47 [something (3)]
  4245 | D:4      | Killed Eustachio
  4578 | D:4      | Reached skill level 7 in Unarmed Combat
  4757 | D:5      | Entered Level 5 of the Dungeon
  4804 | D:4      | Noticed Sigmund
  4819 | D:4      | Noticed Robin
  4820 | D:4      | HP: 1/47 [spore (14)]
  4820 | D:4      | Killed Sigmund
  4820 | D:4      | Killed Robin
  4820 | D:4      | Killed from afar by a dart slug

Vanquished Creatures
  Sigmund (D:4)
  Eustachio (D:4)
  A centaur (D:3)
  2 orc priests (D:4)
  3 orc wizards
  Robin (D:4)
  3 gnolls
  7 adders
  An ufetubus (D:4)
  2 worms (D:2)
  A dart slug (D:1)
  14 orcs
  5 endoplasms
  4 giant cockroaches
  10 goblins
  5 hobgoblins
  4 quokkas
  9 ball pythons
  9 bats
  3 frilled lizards
  9 kobolds
  5 rats
100 creatures vanquished.

Table legend:
 A = Non-vault XP
 B = Vault XP
 C = Vault XP percentage of total XP
 D = Non-vault monster count
 E = Vault monster count
 F = Vault count percentage of total count
                 A         B        C        D         E       F
            +---------+---------+-------+---------+---------+-------
      Total |     567 |     455 |  44.5 |      89 |      11 |  11.0
            +---------+---------+-------+---------+---------+-------
        D:1 |      57 |       0 |   0.0 |      24 |       0 |   0.0
        D:2 |     116 |       0 |   0.0 |      25 |       0 |   0.0
        D:3 |     222 |       5 |   2.2 |      21 |       2 |   8.7
        D:4 |     172 |     450 |  72.3 |      19 |       9 |  32.1
            +---------+---------+-------+---------+---------+-------

Illustrated notes

Table legend:
 A = Kills in this place as a percentage of kills in entire the game.
 B = Kills by you in this place as a percentage of kills by you in the entire game.
 C = Kills by friends in this place as a percentage of kills by friends in the entire game.
 D = Other kills in this place as a percentage of other kills in the entire game.
 E = Experience gained in this place as a percentage of experience gained in the entire game.
 F = Experience gained in this place divided by the number of levels of this place that you have seen.
                   A       B       C       D       E      F
               +-------+-------+-------+-------+-------+----------------------
         Total | 100.0 | 100.0 |   N/A |   N/A | 100.0 | 204.4
       Dungeon | 100.0 | 100.0 |   N/A |   N/A | 100.0 | 204.4
               +-------+-------+-------+-------+-------+----------------------

Table legend: (Time is in decaauts)
 A = Elapsed time spent in this place.
 B = Non-inter-level travel time spent in this place.
 C = Inter-level travel time spent in this place.
 D = Time resting spent in this place.
 E = Time spent auto-exploring this place.
 F = Levels seen in this place.
 G = Mean time per level.
                   A        B        C        D        E       F      G
               +--------+--------+--------+--------+--------+-----+--------+
         Total |   4802 |   4616 |    186 |   1442 |   2371 |   5 |  960.4 |
       Dungeon |   4802 |   4616 |    186 |   1442 |   2371 |   5 |  960.4 |
               +--------+--------+--------+--------+--------+-----+--------+

Top non-repeatable levels by time:
     D:1: 1695 daAuts
     D:2: 1094 daAuts
     D:3: 1030 daAuts
     D:4: 979 daAuts
     D:5: 1 daAuts
